 Dungeon Crawl Stone Soup version 0.19-a0-1170-g18f0c96 (webtiles) character file.

450 Ladykiller69 the Shield-Bearer (level 7, -5/55 HPs)
             Began as a Formicid Fighter on Aug 17, 2016.
             Killed by nerve-wracking pain
             ... invoked by an orc priest
              (14 damage)
             ... on level 4 of the Dungeon.
             The game lasted 00:14:18 (2490 turns).

Ladykiller69 the Shield-Bearer (Formicid Fighter)   Turns: 2490, Time: 00:14:18

Health: -5/55      AC:  7    Str: 23    XL:     7   Next: 25%
Magic:  7/7        EV:  9    Int:  7    God:
Gold:   179        SH: 10    Dex: 10    Spells: 0 memorised, 6 levels left

rFire  . . .     SeeInvis +     a - +0 war axe
rCold  . . .     Gourm    .     b - +0 scale mail
rNeg   . . .     Faith    .     c - +0 shield
rPois  .         Spirit   .     (helmet unavailable)
rElec  .         Dismiss  .     (no cloak)
rCorr  .         Reflect  .     (no gloves)
MR     .....     Harm     .     (no boots)
Stlth  ..........               (no amulet)
                                (no ring)
                                (no ring)

@: no status effects
A: permanent stasis, dig shafts and tunnels, four strong arms, antennae 3
a: Dig, Shaft Self


You were on level 4 of the Dungeon.
You were hungry.

You visited 1 branch of the dungeon, and saw 4 of its levels.

You collected 179 gold pieces.

Inventory:

Hand Weapons
 a - a +0 war axe (weapon)
Armour
 b - a +0 scale mail (worn)
 c - a +0 shield (worn)
Jewellery
 g - an uncursed ring of see invisible {unknown}
 p - an uncursed amulet of harm {unknown}
Wands
 j - a wand of digging (11/24)
Scrolls
 k - 2 scrolls of identify {unknown}
 l - a scroll of amnesia {unknown}
 m - a scroll of noise {unknown}
 r - 2 scrolls of remove curse {unknown}
 s - a scroll of immolation {unknown}
 x - a scroll of teleportation {unknown}
Potions
 d - a potion of might
 e - a potion of magic
 h - a potion of resistance {unknown}
 n - 3 potions of flight {unknown}
 q - a potion of cure mutation {unknown}
 u - 2 potions of curing {unknown}
 w - a potion of haste {unknown}
Books
 t - Sif Muna's Guide on Hexes
   (You found it on level 3 of the Dungeon)

   Spells                             Type                      Level
   a - Confusing Touch                Hexes                        1
Comestibles
 f - 2 bread rations
 i - a royal jelly
 o - a meat ration
 v - 2 chunks of flesh


   Skills:
 + Level 4.6 Fighting
 * Level 3.9 Axes
 + Level 5.0 Armour
 - Level 2.0 Dodging
 + Level 5.1 Shields


You had 6 spell levels left.
You didn't know any spells.

Dungeon Overview and Level Annotations

Branches:
Dungeon (4/15)
 Temple: D:4-7

Altars:
Nemelex Xobeh
Sif Muna
Vehumet


Innate Abilities, Weirdness & Mutations

You are under a permanent stasis effect.
You can dig through walls and to a lower floor.
Your four strong arms can wield two-handed weapons with a shield.
You have a pair of large antennae on your head. (SInv)


Message History

You closely miss the orc priest.
The orc priest is moderately wounded.
The orc priest closely misses you.
You hit the orc priest but do no damage.
The orc priest is moderately wounded.
The orc priest hits you with a dagger.
* * * LOW HITPOINT WARNING * * *
You barely miss the orc priest.
The orc priest is moderately wounded.
The orc priest casts a cantrip, but nothing happens.
The orc priest closely misses you.
Press: ? - help, v - describe, . - travel, g - get item
Here: an orc priest, wielding a dagger (moderately wounded)
A hand axe.
There is something else lying underneath.
The floor, spattered with blood.
It was a potion of magic.
Magic courses through your body.
The orc priest mumbles some strange prayers to Beogh against you.
Pain shoots through your body!
You die...

#..........########'#.#
#.....................#
#..#'###..............#
#..#.# #..............#
#..#.# #..............#
#..#'###..............#
#.....##..............#
+.....###.............#
#....(#@#.............#
..o....#o## ...o$...###
...o..... .......##
....... >..... ......


You could see an orc priest.

Vanquished Creatures
  Sigmund (D:2)
  A scorpion (D:3)
  2 orc wizards (D:3)
  An orc priest (D:3)
  5 adders
  An ooze (D:3)
  2 worms
  A dart slug (D:2)
  A giant gecko (D:1)
  10 orcs
  4 bats
  6 giant cockroaches
  7 goblins
  11 hobgoblins
  4 jackals (D:1)
  6 kobolds
  3 quokkas (D:2)
  A ball python (D:1)
  4 giant newts
  17 rats
88 creatures vanquished.

Notes
Turn   | Place    | Note
-------+----------+-------------------------------------------
     0 | D:1      | Ladykiller69 the Formicid Fighter began the quest for the Orb.
     0 | D:1      | Reached XP level 1. HP: 18/18 MP: 1/1
   128 | D:1      | Reached XP level 2. HP: 24/24 MP: 2/2
   291 | D:1      | Found a sparkling altar of Nemelex Xobeh.
   310 | D:1      | Reached XP level 3. HP: 27/29 MP: 3/3
   593 | D:1      | You fall through a shaft!
   630 | D:2      | Noticed Sigmund
   661 | D:2      | Killed Sigmund
   661 | D:2      | Reached skill level 1 in Dodging
   661 | D:2      | Reached XP level 4. HP: 17/37 MP: 4/4
   661 | D:2      | Reached XP level 5. HP: 19/42 MP: 5/5
   661 | D:2      | Reached XP level 6. HP: 22/48 MP: 6/6
  1411 | D:2      | Found a radiant altar of Vehumet.
  1932 | D:3      | Reached skill level 5 in Shields
  1937 | D:3      | Identified Sif Muna's Guide on Hexes
  1973 | D:3      | Found a deep blue altar of Sif Muna.
  2142 | D:3      | Reached XP level 7. HP: 55/55 MP: 7/7
  2258 | D:3      | Reached skill level 5 in Armour
  2490 | D:4      | Killed from afar by an orc priest

Vault maps used:
D:1:      dpeg_arrival_ratfight, nemelex_diamond_rough_becter
D:2:      lemuel_doored_altar, uniq_sigmund
D:3:      led_sif_book
D:4:      first_bread, hangedman_abyss_or_decor_stabs

Skill      XL: |  1  2  3  4  5  6  7 |
---------------+----------------------+-----
Fighting       | 4 |  4.6
Axes           | 3 |  3.9
Armour         | 4 5 |  5.0
Dodging        | 1 2 |  2.0
Shields        | 4 5 |  5.1

Action                   |  1- 3 |  4- 6 |  7- 9 || total
-------------------------+-------+-------+-------++-------
Melee: War axe           |   107 |   183 |    45 ||   335
 Abil: Dig               |     6 |    12 |     3 ||    21
  Use: Potion            |       |       |     1 ||     1
  Eat: Chunk             |       |     6 |     1 ||     7
Armor: Scale mail        |    45 |    55 |    14 ||   114
Dodge: Dodged            |    49 |    66 |    12 ||   127
Block: Shield            |    46 |    92 |    18 ||   156
